← All builds
Front / Armada / Economy first / OBSERVED BUILD

Standard front

Armada Front build order · Supreme Isthmus

Standard economy-first Front play: Bot Lab and Vehicle Plant up immediately, units trickle to the coast and middle, with an Advanced Metal Extractor around 9:00 as the eco transition.

#eco · 1700 distinct matches · 248 players · 74% of Armada Front games · team won 61% of 1994 · Recently observed

HOW TO PLAY IT

Key timing: T2 constructor by 7:43

  1. Open mex and wind, drop Bot Lab and Vehicle Plant almost immediately.
  2. Pump Blitz, Rocketeer and Pawn to the coast to stop leaks first.
  3. Add Centurion and Janus once first units are moving up.
  4. Form units into a line pushing toward middle as numbers grow.
  5. Upgrade to Advanced Metal Extractor as the economy transition kicks in.

Phase by phase

TYPICAL OF ITS 1700 GAMES
  1. 1
  2. 2
  3. 3
PLAY THE OPENING

Follow the example game's first 6:00 step by step: what to build now, what comes next, and where it goes. At 1× it keeps pace with your own game.

  1. 1

    Up to the Bot Lab

    Economy
    • Metal Extractor2Mex
    Order
    1. Bot LabBot Lab after 2 mex, 1 winddone ~0:44, middle half 0:33–0:56

    Some games also: wind (48%) · Vehicle Plant (35%)

    By 0:28 in all: 2 mex

    The example game in this phase · 85 steps
    1. Mex ×3
    2. Vehicle PlantVehicle Plantdone 0:51 · typical 0:47
    3. RoverScout ×2
    4. JanusJanus
    5. Wind
    6. JanusJanus
    7. Wind
    8. JanusJanus
    9. Construction VehicleCon vehicle ×2
    10. RoverScout
    11. Mex
    12. RoverScout
    13. Construction VehicleCon vehicle
    14. WhistlerMissile truck
    15. Mex
    16. Radar TowerRadar Tower
    17. JanusJanus ×2
    18. Mex
    19. SentrySentry
    20. Construction VehicleCon vehicle ×2
    21. Energy storage
    22. JanusJanus
    23. WhistlerMissile truck
    24. BeamerBeamer
    25. WhistlerMissile truck ×3
    26. Wind
    27. WhistlerMissile truck
    28. BeamerBeamer
    29. WhistlerMissile truck
    30. Wind
    31. WhistlerMissile truck
    32. Con turret
    33. Wind
    34. WhistlerMissile truck
    35. Wind
    36. WhistlerMissile truck
    37. Wind
    38. WhistlerMissile truck ×2
    39. Wind
    40. WhistlerMissile truck
    41. Sneaky PeteSneaky Pete
    42. WhistlerMissile truck
    43. Wind
    44. WhistlerMissile truck ×2
    45. Wind
    46. WhistlerMissile truck ×2
    47. Wind
    48. WhistlerMissile truck
    49. Wind
    50. Radar TowerRadar Tower
    51. Wind
    52. Advanced Metal ExtractorT2 mexdone 9:23 · typical 9:00
    53. Wind ×2
    54. Radar TowerRadar Tower
    55. Wind
    56. Advanced Metal ExtractorT2 mex
    57. Wind
    58. Con turret
    59. Wind
    60. Advanced Metal ExtractorT2 mex
    61. Wind ×2
    62. Con turret
    63. Wind
    64. Construction VehicleCon vehicle
    65. Con turret
    66. Wind ×2
    67. Construction VehicleCon vehicle
    68. Wind
    69. Advanced Metal ExtractorT2 mex
    70. Wind
    71. BlitzBlitz
    72. Wind ×2
    73. BlitzBlitz
    74. Wind ×2
    75. BlitzBlitz
    76. Wind ×2
    77. BlitzBlitz
    78. Wind ×2
    79. Con turret
    80. BlitzBlitz
    81. Wind ×2
    82. BlitzBlitz
    83. Wind ×2
    84. BlitzBlitz
    85. Bot LabBot Labdone 12:57 · typical 0:44
  2. 2

    Bot Lab to 5:00

    Economy
    • Metal Extractor4Mex
    • Wind Turbine3Wind
    Builders
    • Construction Bot1 Con bot
    Army
    • Sentry1 Sentry
    • Rocketeer6 Rocketeer

    Some games also: Lazarus (49%) · tick (46%) · centurion (40%) · con vehicle (32%) · janus (32%)

    By 5:00 in all: 6 mex · 6 wind

  3. 3

    5:00 to 10:00

    Economy
    • Metal Extractor1Mex
    • Wind Turbine14Wind
    Builders
    • Construction Turret2 Con turret
    Army
    • Sentry1 Sentry

    Some games also: rocketeer (45%) · energy storage (43%) · Lazarus (38%) · con bot (37%) · Radar Tower (36%)

    By 10:00 in all: 7 mex · 24 wind · 1 energy storage · 3 con turret

    The example game in this phase · 70 steps
    1. BlitzBlitz
    2. Wind
    3. Advanced Metal ExtractorT2 mex
    4. Wind
    5. TickTick
    6. Wind ×2
    7. BlitzBlitz
    8. Con turret
    9. TickTick ×2
    10. Wind
    11. BlitzBlitz
    12. TickTick
    13. Wind
    14. TickTick
    15. Con turret
    16. TickTick
    17. BlitzBlitz
    18. Wind
    19. TickTick
    20. BlitzBlitz
    21. Wind ×2
    22. TickTick
    23. VeilVeil
    24. Converter
    25. Wind
    26. BlitzBlitz
    27. TickTick
    28. Wind ×2
    29. Converter
    30. BlitzBlitz
    31. TickTick
    32. Wind ×2
    33. Converter
    34. BlitzBlitz
    35. TickTick
    36. Wind
    37. Con turret
    38. BlitzBlitz
    39. Construction BotCon bot
    40. Converter
    41. Wind
    42. Aircraft PlantAircraft Plantdone 14:28
    43. Converter
    44. BlitzBlitz
    45. Wind
    46. Converter
    47. Construction BotCon bot
    48. BlitzBlitz
    49. Wind
    50. Converter
    51. BlitzBlitz
    52. Con turret
    53. Converter
    54. BlinkScout plane
    55. BlitzBlitz
    56. Construction BotCon bot
    57. Converter
    58. BlinkScout plane
    59. BlitzBlitz
    60. Construction BotCon bot
    61. Wind
    62. BlinkScout plane
    63. BlitzBlitz
    64. Converter
    65. BlinkScout plane
    66. TickTick
    67. Fusion ReactorFusionnot finished by 15:00
    68. BlitzBlitz
    69. TickTick
    70. Wind

Counts are medians over the build's games: half of them build more, half fewer. The example game is DRM's (43 OS, 13/10/2026); pick another.

Team trades

IN AT LEAST 30% OF ITS GAMES

You hand over

Nothing regular.

You get

  • Tidal Generator4 Tidal from Pondfirst at 0:17 · in 68% of games
  • Advanced Construction Bot1 T2 con bot from Geo or Techfirst at 7:24 · in 64% of games

How it plays out

Typical game of this build, running totals by minute

Metal produced

010k20k30k
0:005:0010:0015:00

metal

Enemy metal destroyed

05k10k
0:005:0010:0015:00

metal

Own metal lost

05k10k
0:005:0010:0015:00

metal

1994 games.

Show as table
ByMetal produced: This buildEnemy metal destroyed: This buildOwn metal lost: This build
1:0033300
2:008402131
3:001618135108
4:002700522333
5:0038471128787
6:00503519281428
7:00625027202303
8:00753535463173
9:00897343304071
10:001054250114810
11:001237555405548
12:001452859986409
13:001685964707001
14:001921771867827
15:002184978708694
WHAT THE NUMBERS SAY

Standard Front play wins more often than Suicide front and produces more metal by 15:00 while losing less of it.

  • + Metal produced reaches 22627 by 15:00, well above Suicide front's 20142.
  • + Own metal lost is 8944 by 15:00, lower than enemy metal destroyed ratio of Suicide front.
  • − First unit lost already at 1:43, showing exposure despite the safer position.
  • − Blitz dominates army share at 25%, leaving fewer Centurion for anti-swarm.
THE EXAMPLE YOU ARE READING

DRM

43.2 OS · 13/10/2026

Open source match ↗

12 received units · includes a constructor
245 metal received · 24557 energy received

Allied construction assistance is unknown. Timings are observations, not a promise of solo reproducibility.

Typical milestones

Bot Lab0:44Middle 50%: 0:33–0:56 · n=1332
Vehicle Plant0:47Middle 50%: 0:41–1:13 · n=1286
Advanced Metal Extractor9:00Middle 50%: 8:09–10:15 · n=1564

Played most by

haaven107games of this buildHummell107games of this buildLeohvm93games of this buildTheGeneraI75games of this buildXad69games of this build